 Dungeon Crawl Stone Soup version 0.29.0-4-gdea44cf6ec (webtiles) character file.

Game seed: 11512732343547523780

21 qw the Firebug (level 2, 0/23 HPs)
             Began as a Ghoul Fire Elementalist on Aug 29, 2022.
             Slain by Jessica
             ... wielding a +0 dagger
              (2 damage)
             ... on level 2 of the Dungeon.
             The game lasted 00:00:54 (1290 turns).

qw the Firebug (Ghoul Fire Elementalist)            Turns: 1290, Time: 00:00:55

Health: 0/23       AC:  2    Str: 11    XL:     2   Next: 83%
Magic:  3/3        EV: 12    Int: 10    God:
Gold:   99         SH:  0    Dex:  9    Spells: 3/4 levels left

rFire   . . .      SeeInvis .     - Unarmed
rCold   + . .      Faith    .   (no shield)
rNeg    + + +      Spirit   .   a - +0 robe
rPois   inf        Reflect  .   (no helmet)
rElec   .          Harm     .   (no cloak)
rCorr   .          Rampage  .   (no gloves)
Will    .....                   (no boots)
Stlth   ++........              (no amulet)
HPRegen 0.00/turn               (no ring)
MPRegen 0.08/turn               (no ring)

@: inhibited regen
A: claws 1, cold resistance 1, negative energy resistance 3, inhibited
regeneration, torment resistance 2, devour on kill
a: no special abilities


You were on level 2 of the Dungeon.
You visited 1 branch of the dungeon, and saw 2 of its levels.

You collected 99 gold pieces.


Innate Abilities, Weirdness & Mutations

You are immune to poison.
You have sharp fingernails.
Your flesh is cold resistant. (rC+)
You are immune to negative energy. (rN+++)
You do not regenerate when monsters are visible.
You are immune to unholy pain and torment.
You thrive by killing the living.


   Skills:
 - Level 1.2 Fighting
 - Level 1.7 Dodging
 - Level 2.1 Stealth
 + Level 2.1 Unarmed Combat
 - Level 1.7 Spellcasting
 - Level 0.7 Conjurations
 - Level 2.4 Fire Magic


You had 3 spell levels left.
You knew the following spells:

 Your Spells              Type           Power      Damage    Failure   Level
a - Foxfire               Conj/Fire      16%        2x1d4     17%         1

Your spell library contained the following spells:

 Spells                   Type           Power      Damage    Failure   Level
 Scorch                   Fire           10%        2d5       19%         2
 Conjure Flame            Conj/Fire      4%         6-21      45%         3
 Inner Flame              Hex/Fire       3%         N/A       52%         3
 Flame Wave               Conj/Fire      4%         2d5       86%         4

Inventory:

Armour
 a - a +0 robe (worn)
 e - a +0 ring mail
 i - a +0 chain mail
Scrolls
 c - 3 scrolls of identify {unknown}
 l - a scroll of brand weapon {unknown}
Potions
 b - a potion of magic
 d - a potion of ambrosia {unknown}
 f - a potion of haste {unknown}
 g - a potion of curing {unknown}
 h - a potion of might {unknown}
 j - 2 potions of cancellation {unknown}
 k - a potion of attraction {unknown}

Dungeon Overview and Level Annotations

Branches:
Dungeon (2/15)

Altars:

Annotations:
D:2 Jessica


Message History

The jackal misses you.
Jessica gestures wildly while chanting.
Jessica blinks!
You closely miss the jackal.
The jackal is severely wounded.
The jackal bites you. x2
You closely miss the jackal.
The jackal is severely wounded.
The jackal closely misses you.
You scratch the jackal.
You kill the jackal!
You feel better. Jessica barely misses you.
Things that are here:
a jackal corpse; a jackal corpse You barely miss Jessica.
Jessica hits you with a +0 dagger.
You closely miss Jessica. Jessica closely misses you.
You closely miss Jessica. Jessica hits you with a +0 dagger.
You closely miss Jessica. Jessica closely misses you.
You scratch Jessica.
Jessica is moderately wounded.
Jessica hits you with a +0 dagger.
You scratch Jessica.
Jessica is severely wounded.
Jessica hits you with a +0 dagger.
You barely miss Jessica.
Jessica is severely wounded.
Jessica hits you but does no damage.
You completely miss Jessica.
Jessica is severely wounded.
Jessica gestures wildly while chanting.
Jessica seems to speed up.
You closely miss Jessica.
Jessica is severely wounded.
Jessica hits you with a +0 dagger.
You die...

###### #....##########
#.............#
#.............#
###...........#
##########...........###
......@@...............>
###...####...........##.
#.. #########..###. ...
######## #.## #. #..
#......# #.# #. #.
#......###.# ### #
#......#...###..
#...............
#....[......##..


You could see Jessica (fast).

Vanquished Creatures
  3 bats
  2 endoplasms (D:1)
  A giant cockroach (D:1)
  5 goblins
  3 jackals (D:2)
  A frilled lizard (D:2)
  3 kobolds
18 creatures vanquished.

Notes
Turn   | Place    | Note
-------+----------+-------------------------------------------
     0 | D:1      | qw the Ghoul Fire Elementalist began the quest for the Orb.
     0 | D:1      | Reached XP level 1. HP: 14/14 MP: 2/2
     0 | D:1      | 0 ||| qw: Version: 0.1-a-90-g952f4b7
     0 | D:1      | 0 ||| qw: Game counter: 3797
     0 | D:1      | 0 ||| qw: Always use a shield: true
     0 | D:1      | 0 ||| qw: God list: Okawaru
     0 | D:1      | 0 ||| qw: Allow faded altars: false
     0 | D:1      | 0 ||| qw: Do Orc after D:15 true
     0 | D:1      | 0 ||| qw: Do second Lair branch before Depths: true
     0 | D:1      | 0 ||| qw: Lair rune preference: random
     0 | D:1      | 0 ||| qw: Plans: Normal
     0 | D:1      | 0 ||| PLANNING D:1-11
   350 | D:1      | Reached skill level 1 in Unarmed Combat
   728 | D:1      | Reached skill level 1 in Fighting
   728 | D:1      | Reached XP level 2. HP: 23/23 MP: 3/3
   918 | D:1      | You fall into a shaft and drop 1 floor!
   948 | D:2      | 948 ||| Stepping ~*~*~tactically~*~*~ (stealth).
   953 | D:2      | 953 ||| Stepping ~*~*~tactically~*~*~ (outnumbered).
   955 | D:2      | 955 ||| Stepping ~*~*~tactically~*~*~ (outnumbered).
  1262 | D:2      | Noticed Jessica
  1263 | D:2      | 1263 ||| Stepping ~*~*~tactically~*~*~ (stealth).
  1287 | D:2      | HP: 2/23 [Jessica/+0 dagger (4)]
  1290 | D:2      | Slain by Jessica

Levels and vault maps discovered:
D:1:      matt_arrival_los_fun, layout_basic, chequers_garden,
          hangedman_abyss_or_decor_lesser_grid, wad_floor_pattern_untrapped
D:2:      layout_basic, dreamdust_ecumenical_altar_drowned_temple, uniq_jessica

Skill      XL: |  1  2 |
---------------+-------+-----
Unarmed Combat | 1 2 |  2.1
Fighting       | 1 |  1.2
Dodging        | |  1.7
Stealth        | |  2.1
Spellcasting   | |  1.7
Conjurations   | |  0.7
Fire Magic     | |  2.4

Action                   || total
-------------------------++-------
Melee: Unarmed           ||    85
       Punch             ||     1
Armor: Robe              ||    12
Dodge: Dodged            ||    48

Table legend:
 A = Non-vault XP
 B = Vault XP
 C = Vault XP percentage of total XP
 D = Non-vault monster count
 E = Vault monster count
 F = Vault count percentage of total count
                 A         B        C        D         E       F
            +---------+---------+-------+---------+---------+-------
      Total |      30 |       0 |   0.0 |      18 |       0 |   0.0
            +---------+---------+-------+---------+---------+-------
        D:1 |      17 |       0 |   0.0 |      10 |       0 |   0.0
        D:2 |      13 |       0 |   0.0 |       8 |       0 |   0.0
            +---------+---------+-------+---------+---------+-------
